 Dungeon Crawl Stone Soup version 0.17.0-28-g6e173f8 (console) character file.

716 Kloppie the Chiller (level 7, 0/50 HPs)
             Began as a Mottled Draconian Ice Elementalist on Dec 3, 2015.
             Was a Follower of Vehumet.
             Slain by an ice beast (5 damage)
             ... on level 5 of the Dungeon.
             The game lasted 00:14:06 (5883 turns).

Kloppie the Chiller (DrIE)                          Turns: 5883, Time: 00:14:06

Health: 0/50       AC:  7    Str: 10    XL:     7   Next: 41%
Magic:  1/21       EV: 12    Int: 17    God:    Vehumet [*.....]
Gold:   135        SH:  0    Dex: 12    Spells: 4 memorised, 1 level left

rFire  . . .     SeeInvis .     f - +1 short sword
rCold  . . .     Clarity  .     (armour unavailable)
rNeg   . . .     SustAt   +     (no shield)
rPois  .         Gourm    .     (helmet restricted)
rElec  .         Spirit   .     (no cloak)
rCorr  .         Warding  .     o - +0 pair of gloves
rMut   .         Stasis   .     (no boots)
MR     .....                    v - amulet of faith
Stlth  ++........               i - ring of magical power
                                g - ring of sustain attributes

@: not resistant to hostile enchantments, unstealthy
A: breathe sticky flame splash, unfitting armour, cold-blooded, AC +6
a: Breathe Sticky Flame, Renounce Religion


You were on level 5 of the Dungeon.
You worshipped Vehumet.
Vehumet was aware of your devotion.
You were hungry.

You visited 2 branches of the dungeon, and saw 6 of its levels.

You collected 379 gold pieces.
You spent 244 gold pieces at shops.

Inventory:

Hand Weapons
 f - a +1 short sword (weapon)
Missiles
 t - 5 tomahawks of returning (quivered)
Armour
 o - a +0 pair of gloves (worn)
Magical Staves
 k - an uncursed staff of death
 y - an uncursed staff of wizardry
Jewellery
 g - a ring of sustain attributes (left hand)
 i - a ring of magical power (right hand)
 p - an uncursed ring of fire
 q - an uncursed ring of ice
 v - an amulet of faith (around neck)
Scrolls
 e - 4 scrolls of identify
 l - 3 scrolls of remove curse
 u - 2 scrolls of random uselessness {unknown}
Potions
 h - 5 potions of curing
 j - 2 potions of haste
 m - a potion of cancellation
 n - a potion of flight
 x - 2 potions of might
Books
 a - a book of Frost

   Spells                             Type                      Level
   a - Freeze                         Ice                          1
   b - Throw Frost                    Conjuration/Ice              2
   c - Ozocubu's Armour               Charms/Ice                   3
   d - Throw Icicle                   Conjuration/Ice              4
   e - Summon Ice Beast               Ice/Summoning                4
   f - Condensation Shield            Ice                          4
 c - a book of Minor Magic

   Spells                             Type                      Level
   a - Magic Dart                     Conjuration                  1
   b - Blink                          Translocation                2
   c - Call Imp                       Summoning                    2
   d - Repel Missiles                 Charms/Air                   2
   e - Slow                           Hexes                        2
   f - Conjure Flame                  Conjuration/Fire             3
   g - Mephitic Cloud                 Conjuration/Poison/Air       3
 r - a book of the Tempests

   Spells                             Type                      Level
   a - Static Discharge               Conjuration/Air              3
   b - Lightning Bolt                 Conjuration/Air              5
   c - Fireball                       Conjuration/Fire             5
   d - Tornado                        Air                          9
   e - Shatter                        Earth                        9
Comestibles
 b - 4 bread rations
 s - 2 royal jellies
 w - a slice of pizza
 z - a meat ration


   Skills:
 - Level 1.7 Dodging
 - Level 1.7 Stealth
 - Level 3.8 Spellcasting
 + Level 3.5 Conjurations
 + Level 7.1 Ice Magic


You had one spell level left.
You knew the following spells:

 Your Spells              Type           Power        Failure   Level  Hunger
a - Freeze                Ice            ####         1%          1    None
b - Ozocubu's Armour      Chrm/Ice       ###.....     12%         3    ###....
c - Throw Icicle          Conj/Ice       ###.....     21%         4    ####...
d - Summon Ice Beast      Ice/Summ       ###.....     38%         4    ####...


Dungeon Overview and Level Annotations

Branches:
Dungeon (5/15)             Temple (1/1) D:4

Altars:
Ashenzari
Cheibriados
Elyvilon
Fedhas
Gozag
Kikubaaqudgha
Makhleb
Nemelex Xobeh
Okawaru
Qazlal
Ru
Sif Muna
Trog
Vehumet
Xom
Yredelemnul
Zin
The Shining One

Shops:
D:5 }?!=

Annotations:
D:5 Sigmund


Innate Abilities, Weirdness & Mutations

You can spit globs of burning liquid.
You can ignite nearby creatures when you spit burning liquid.
Your weird mottled scales are hard (AC +6).
Your body does not fit into most forms of armour.
You are cold-blooded and may be slowed by cold attacks.


Message History

The ice beast is almost dead.
You feel yourself speed up. The ice beast barely misses you.
The ice beast hits you but does no damage.
Wield which item (- for none, * to show all)? (? for menu, Esc to quit)
f - a +1 short sword (weapon)
You hit the ice beast but do no damage.
The ice beast is almost dead.
The ice beast closely misses you.
You barely miss the ice beast.
The ice beast is almost dead.
The ice beast closely misses you.
Your magical contamination has completely faded away.
You completely miss the ice beast.
The ice beast is almost dead.
The ice beast closely misses you. x2
You hit the ice beast but do no damage.
The ice beast is almost dead.
The ice beast hits you.
You die...

#######################
.....................>#
..........######@####.#
#########..# #Y# #.#
##.## #.# #.# #..# #.#
#.########### #### #.#
#...........# #.#
###....####.# #.#
#.#....##.# #.#
#.#..#.##.# #..
..#..#.##.#


You could see an ice beast.

Vanquished Creatures
  An ice beast (D:5)
  A centaur (D:5)
  4 scorpions
  A hound (D:4)
  An orc wizard (D:5)
  3 worker ants
  3 gnolls
  6 adders
  A shadow imp (D:5)
  3 oozes
  3 adder skeletons
  An adder zombie (D:5)
  3 worms
  6 orcs
  5 giant cockroaches
  6 hobgoblins
  4 jackals (D:5)
  4 quokkas
  A ball python zombie (D:5)
  11 bats
  9 giant geckos
  8 giant newts
  5 goblins (D:1)
  6 kobolds
  2 quokka skeletons (D:5)
  4 rats
102 creatures vanquished.

Notes
Turn   | Place    | Note
--------------------------------------------------------------
     0 | D:1      | Kloppie the Draconian Ice Elementalist began the quest for the Orb.
     0 | D:1      | Reached XP level 1. HP: 14/14 MP: 3/3
   336 | D:1      | Reached XP level 2. HP: 18/20 MP: 0/5
   574 | D:1      | Reached skill level 4 in Ice Magic
   695 | D:1      | Reached XP level 3. HP: 26/26 MP: 3/6
  1295 | D:1      | Learned a level 3 spell: Ozocubu's Armour
  1550 | D:2      | Reached XP level 4. HP: 24/33 MP: 1/7
  1630 | D:2      | Reached skill level 5 in Ice Magic
  2051 | D:2      | Found a shattered altar of Ashenzari.
  2357 | D:3      | Found an ancient bone altar of Kikubaaqudgha.
  2386 | D:3      | Found a snail-covered altar of Cheibriados.
  2653 | D:3      | Found a deep blue altar of Sif Muna.
  2897 | D:2      | Reached XP level 5. HP: 17/38 MP: 1/9
  3273 | D:3      | Learned a level 4 spell: Throw Icicle
  3614 | D:4      | Found a glowing silver altar of Zin.
  3653 | D:4      | Found a burning altar of Makhleb.
  3719 | D:4      | Found a staircase to the Ecumenical Temple.
  3798 | Temple   | Entered the Ecumenical Temple
  3906 | Temple   | Became a worshipper of Vehumet
  4014 | D:4      | Found a glowing golden altar of the Shining One.
  4056 | D:4      | Reached skill level 6 in Ice Magic
  4056 | D:4      | Reached XP level 6. HP: 31/45 MP: 6/11
  4287 | D:4      | Learned a level 4 spell: Summon Ice Beast
  4681 | D:5      | Entered Level 5 of the Dungeon
  4814 | D:5      | HP: 2/45 [ice beast (11)]
  5017 | D:5      | Your scales start taking on a weird mottled colour.
  5017 | D:5      | Reached XP level 7. HP: 43/50 MP: 8/12
  5083 | D:5      | Found Muovuuc's Jewellery Shoppe.
  5085 | D:5      | Noticed Sigmund
  5094 | D:5      | Bought an uncursed ring of magical power for 220 gold pieces
  5318 | D:5      | Found Sebbiex's Distillery.
  5354 | D:5      | Bought a potion of poison for 12 gold pieces
  5354 | D:5      | Bought a potion of degeneration for 12 gold pieces
  5446 | D:5      | Reached * piety under Vehumet
  5446 | D:5      | Offered knowledge of Sandblast by Vehumet.
  5597 | D:5      | Reached skill level 7 in Ice Magic
  5660 | D:5      | Found Imalacsi's Magic Scroll Shop.
  5699 | D:5      | Found a bloodstained altar of Trog.
  5700 | D:5      | Found a white marble altar of Elyvilon.
  5700 | D:5      | Found an iron altar of Okawaru.
  5775 | D:5      | Found Roproll's Gadget Shoppe.
  5883 | D:5      | Slain by an ice beast

Action                   |  1- 3 |  4- 6 |  7- 9 || total
-------------------------+-------+-------+-------++-------
Melee: Unarmed           |     1 |       |       ||     1
       Short sword       |    86 |   149 |    37 ||   272
       Staff             |       |       |     9 ||     9
 Cast: Freeze            |    33 |    59 |    24 ||   116
       Ozocubu's Armour  |       |     4 |       ||     4
       Throw Icicle      |       |       |     6 ||     6
  Use: Scroll            |       |    12 |       ||    12
       Potion            |       |     1 |       ||     1
 Stab: Sleeping          |     3 |     7 |       ||    10
  Eat: Chunk             |     3 |     9 |     4 ||    16
       Fruit             |       |     2 |       ||     2
